 Dungeon Crawl Stone Soup version 0.23-a0-370-gf497b7c (webtiles) character file.

72 Amnesiac the Digger (level 4, -2/27 HPs)
             Began as an Octopode Earth Elementalist on Oct 24, 2018.
             Killed from afar by an orc wizard (11 damage)
             ... with a puff of flame
             ... on level 3 of the Dungeon.
             The game lasted 00:05:13 (1786 turns).

Amnesiac the Digger (Octopode Earth Elementalist)   Turns: 1786, Time: 00:05:14

Health: -2/27      AC:  1    Str:  7    XL:     4   Next: 26%
Magic:  4/7        EV: 13    Int: 18    God:
Gold:   114        SH:  0    Dex: 12    Spells: 2/8 levels left

rFire    . . .     SeeInvis .   a - +0 dagger
rCold    . . .     Gourm    .   (no shield)
rNeg     . . .     Faith    .   (helmet restricted)
rPois    .         Spirit   .   (no amulet)
rElec    .         Reflect  .   (no ring)
rCorr    .         Harm     .   (no ring)
MR       .....                  (no ring)
Stlth    +++.......             (no ring)
HPRegen  0.09/turn              (no ring)
MPRegen  0.10/turn              (no ring)
                                (no ring)
                                (no ring)

@: no status effects
A: almost no armour, stealthy swim, amphibious, 8 rings, constrict 8, camouflage
1, gelatinous body 1
a: no special abilities


You were on level 3 of the Dungeon.
You were hungry.

You visited 2 branches of the dungeon, and saw 5 of its levels.

You collected 114 gold pieces.

Inventory:

Hand Weapons
 a - a +0 dagger (weapon)
 f - a +1 hunting sling of freezing
Missiles
 b - 43 stones (quivered)
Wands
 o - a wand of iceblast (6)
Scrolls
 e - a scroll of enchant weapon {!r, unknown}
 h - a scroll of blinking {!r, unknown}
 j - a scroll of amnesia {!r}
 k - 2 scrolls of remove curse {!r}
 l - a scroll of fear {!r}
 n - a scroll of identify {!r}
Potions
 g - a potion of curing {!q}
 i - a potion of magic {!q, unknown}
 m - a potion of resistance {!q}
Comestibles
 c - 2 rations


   Skills:
 + Level 1.3 Short Blades
 - Level 2.0 Dodging
 - Level 3.0 Stealth
 + Level 2.6 Spellcasting
 - Level 1.0 Transmutations
 * Level 4.1 Earth Magic


You had 2 spell levels left.
You knew the following spells:

 Your Spells              Type           Power        Failure   Level  Hunger
a - Sandblast             Erth           ###...       3%          1    #......
b - Passwall              Tmut/Erth      ##......     9%          2    ##.....
c - Stone Arrow           Conj/Erth      #.....       22%         3    ###....

Your spell library contained the following spells:

 Spells                   Type           Power        Failure   Level  Hunger
 Petrify                  Tmut/Erth      ##......     52%         4    #####..
 Lee's Rapid Deconstruct  Erth           ###.......   65%         5    ######.


Dungeon Overview and Level Annotations

Branches:
Dungeon (4/15)             Temple (1/1) D:4

Altars:
Cheibriados
Dithmenos
Fedhas
Hepliaklqana
Kikubaaqudgha
Ru
Uskayaw
Wu Jian
Xom
Yredelemnul
Zin
The Shining One


Innate Abilities, Weirdness & Mutations

You cannot wear most types of armour.
You are very stealthy in the water. (Stealth+)
You are amphibious.
You can wear up to eight rings at the same time.
You can use your tentacles to constrict eight enemies at once.
Your skin changes colour to match your surroundings (Stealth+).
Your rubbery body absorbs attacks. (AC +1, EV +1)


Message History

The hobgoblin closely misses you.
You hit the hobgoblin.
The hobgoblin is severely wounded.
You constrict the hobgoblin, but do no damage.
The hobgoblin closely misses you.
You hit the hobgoblin.
The hobgoblin is almost dead.
You constrict the hobgoblin, but do no damage.
The orc barely misses you. The hobgoblin barely misses you.
You hit the hobgoblin but do no damage.
The hobgoblin is almost dead.
You constrict the hobgoblin, but do no damage.
The orc barely misses you. The hobgoblin barely misses you.
You hit the hobgoblin but do no damage.
You squeeze the hobgoblin, but do no damage.
The hobgoblin is almost dead.
You constrict the hobgoblin.
You kill the hobgoblin!
The orc hits you but does no damage.
You hit the orc wizard. You grab the orc wizard.
The orc wizard is lightly wounded.
You constrict the orc wizard, but do no damage.
The orc wizard hits you but does no damage.
The orc wizard barely misses you. The orc hits you but does no damage.
You barely miss the orc. You grab the orc.
You constrict the orc, but do no damage.
You constrict the orc wizard.
The orc wizard hits you with a +0 dagger.
The orc hits you with a +0 club.
* * * LOW HITPOINT WARNING * * *
You hit the orc but do no damage.
You constrict the orc, but do no damage.
You constrict the orc wizard. The orc wizard barely misses you.
The orc wizard misses you.
You hit the orc wizard.
You squeeze the orc wizard, but do no damage.
The orc wizard is moderately wounded.
You constrict the orc, but do no damage.
You constrict the orc wizard, but do no damage.
The orc closely misses you.
The orc wizard hits you with a +0 dagger.
* * * LOW HITPOINT WARNING * * *
Unknown command.
You hit the orc wizard.
The orc wizard is moderately wounded.
You constrict the orc. You constrict the orc wizard.
The orc wizard closely misses you. The orc closely misses you.
Unknown command.
Casting: Passwall (safe; 9% risk of failure)
Confirm with . or Enter, or press ? or * to list all spells.
Aiming: Sandblast (safe; 3% risk of failure)
Press: ? - help, Shift-Dir - straight line, f - orc wizard
Aim: an orc wizard, wielding a +0 dagger and wearing a +0 robe (heavily The blast of sand hits the orc wizard.
The orc wizard is almost dead.
b - 43 stones You constrict the orc, but do no damage.
You constrict the orc wizard.
The orc wizard hits you with a +0 dagger.
* * * LOW HITPOINT WARNING * * *
The orc barely misses you. The orc wizard casts a spell at you.
The puff of flame hits you!
You die...

##........................#
.#...###.#................#
.#........................####
.#.......#....#+##...........#
.......................>...#.#
...#.###........##########.#.#
#### #.####................# #
#....o###########...#
##...oo@.# .....#
.####.#..##o### ###..##
....!......o.... ....
......#..##.#### ..... ##
#.... ...# .# ##.#.# .# .#.#
..... .. .. .# #.... ..
.####.### ... . .. .# .. .. ..


You could see an orc wizard and 4 orcs.

Vanquished Creatures
  2 adders
  2 oozes
  An adder skeleton (D:2)
  A worm (D:2)
  An orc (D:3)
  8 bats
  2 giant cockroaches (D:3)
  7 goblins
  4 hobgoblins
  2 ball python zombies (D:2)
  A frilled lizard (D:3)
  A jackal skeleton (D:2)
  3 kobolds
  4 rats (D:1)
39 creatures vanquished.

Notes
Turn   | Place    | Note
-------+----------+-------------------------------------------
     0 | D:1      | Amnesiac the Octopode Earth Elementalist began the quest
                  | for the Orb.
     0 | D:1      | Reached XP level 1. HP: 11/11 MP: 3/3
    56 | D:1      | Reached XP level 2. HP: 11/17 MP: 5/5
    64 | D:1      | Learned a level 2 spell: Passwall
   527 | D:2      | Reached XP level 3. HP: 10/21 MP: 6/6
   532 | D:2      | Learned a level 3 spell: Stone Arrow
   871 | D:2      | Reached skill level 1 in Short Blades
  1311 | D:3      | Reached skill level 4 in Earth Magic
  1405 | D:3      | Reached XP level 4. HP: 27/27 MP: 7/7
  1516 | D:4      | Found a staircase to the Ecumenical Temple.
  1530 | Temple   | Entered the Ecumenical Temple
  1786 | D:3      | Killed from afar by an orc wizard

Vault maps used:
D:1:      elethiomel_arrival_fortress_basement
D:2:      serial_undead, serial_undead_a, serial_undead_d, serial_undead_c,
          serial_undead_a, first_ration
D:3:      grunt_temple_overflow_lords_of_destruction, minmay_joined_circles
D:4:      lemuel_coloured_pillars_altar, lemuel_doored_altar,
          minmay_temple_entry_statues_pillars, hangedman_decor_slide_cut,
          uniq_robin
Temple:   hc_temple_tempest_star

Skill      XL: |  1  2  3 |
---------------+----------+-----
Stealth        | 3 |  3.0
Short Blades   | 1 |  1.3
Earth Magic    | 4 |  4.1
Dodging        | |  2.0
Spellcasting   | |  2.6
Transmutations | |  1.0

Action                   |  1- 3 |  4- 6 || total
-------------------------+-------+-------++-------
Melee: Dagger            |    87 |    16 ||   103
       Constrict         |    21 |     3 ||    24
       Unarmed           |     3 |       ||     3
       Tentacles         |    11 |     3 ||    14
 Cast: Sandblast         |       |     3 ||     3
       Passwall          |       |     2 ||     2
  Use: Scroll            |     4 |       ||     4
 Stab: Sleeping          |    10 |     1 ||    11
  Eat: Chunk             |     2 |       ||     2
Armor: Skin              |     8 |     1 ||     9
Dodge: Dodged            |    49 |    15 ||    64

Table legend:
 A = Non-vault XP
 B = Vault XP
 C = Vault XP percentage of total XP
 D = Non-vault monster count
 E = Vault monster count
 F = Vault count percentage of total count
                 A         B        C        D         E       F
            +---------+---------+-------+---------+---------+-------
      Total |      96 |       8 |   7.7 |      35 |       4 |  10.3
            +---------+---------+-------+---------+---------+-------
        D:1 |      18 |       0 |   0.0 |      12 |       0 |   0.0
        D:2 |      46 |       8 |  14.8 |      15 |       4 |  21.1
        D:3 |      12 |       0 |   0.0 |       6 |       0 |   0.0
        D:4 |      20 |       0 |   0.0 |       2 |       0 |   0.0
            +---------+---------+-------+---------+---------+-------
